 Seeded DCSS version 0.31-a0-271-gb88eb75e06 (webtiles) character file.

Game seed: 14215367866634240820 (custom seed)

8223 innerfire43 the Mimic (level 11, 0/79 (84) HPs)
             Began as a Demonspawn Monk on July 14, 2023.
             Was a High Priest of Cheibriados.
             Killed from afar by Nergalle (32 damage)
             ... with a bolt of negative energy
             ... on level 1 of the Orcish Mines.
             The game lasted 00:12:07 (6625 turns).

innerfire43 the Mimic (Demonspawn Monk)             Turns: 6625, Time: 00:12:08

HP:   0/79 (84)     AC: 17    Str: 29    XL:     11   Next: 7%
MP:   11/11         EV: 16    Int: 24    God:    Cheibriados [*****.]
Gold: 410           SH:  8    Dex: 26    Spells: 10/10 levels left

rFire   . . .        H - +5 broad axe (flame)
rCold   . . .        d - orb {light}
rNeg    . . .        t - +4 troll leather armour {Pargi}
rPois   +            (helmet restricted)
rElec   .            (no cloak)
rCorr   +            o - +2 pair of gloves {Str+3}
SInv    .            p - +0 pair of boots
Will    .....        (no amulet)
Stlth   +            v - ring of resist corrosion
HPRegen 1.13/turn    J - ring of poison resistance
MPRegen 0.12/turn

%: no passive effects
@: marked, glowing, drained, very slow
A: horns 1, large bone plates 1, demonic guardian 2, icemail 1, condensation
shield
a: Renounce Religion, Bend Time, Temporal Distortion, Slouch, Step From Time


You were on level 1 of the Orcish Mines.
You worshipped Cheibriados.
Cheibriados was extremely pleased with you.
You visited 3 branches of the dungeon, and saw 11 of its levels.
You also visited: Sewer.

You collected 627 gold pieces.
You spent 217 gold pieces at shops.

Inventory:

Hand Weapons
 a - a +0 hand axe
 l - a +0 war axe
 H - a +5 broad axe of flaming (weapon)
Missiles
 h - 5 silver javelins (quivered)
Armour
 b - a +0 robe
 d - an orb of light (worn)
 j - a +2 helmet
 o - a +2 pair of gloves of strength (worn)
 p - a +0 pair of boots (worn)
 t - a +4 troll leather armour (worn) {Pargi}
Jewellery
 v - a ring of resist corrosion (left hand)
 y - a ring of see invisible
 J - a ring of poison resistance (right hand)
 L - a ring of flight
 M - an amulet of magic regeneration
Talismans
 E - a serpent talisman
Wands
 q - a wand of mindburst (19)
 r - a wand of roots (19)
 s - a wand of polymorph (26)
 A - a wand of paralysis (22)
 F - a wand of quicksilver (15)
 K - a wand of flame (30)
Scrolls
 f - 2 scrolls of fog {unknown}
 i - 2 scrolls of amnesia {unknown}
 k - 8 scrolls of identify
 n - a scroll of torment {unknown}
 x - 2 scrolls of blinking {unknown}
 z - a scroll of fear {unknown}
 B - a scroll of summoning {unknown}
 C - 3 scrolls of vulnerability {unknown}
 N - a scroll of revelation {unknown}
 O - a scroll of teleportation
Potions
 c - 3 potions of ambrosia
 e - 3 potions of brilliance {unknown}
 g - 5 potions of curing {unknown}
 m - a potion of berserk rage {unknown}
 u - a potion of lignification {unknown}
 w - a potion of degeneration {unknown}
 D - 2 potions of haste {unknown}
 G - a potion of attraction {unknown}
 I - 2 potions of might {unknown}
 P - a potion of heal wounds {unknown}


   Skills:
 - Level 7.4 Fighting
 - Level 7.0 Axes
 - Level 6.3 Armour
 - Level 5.0 Dodging
 * Level 8.8 Shapeshifting


You had 10 spell levels left.
You didn't know any spells.
Your spell library contained the following spells:

 Spells                   Type           Power      Damage    Failure   Level
 Apportation              Tloc           0%         N/A       16%         1
 Necrotise                Necr           0%         1d4       16%         1
 Sandblast                Erth           0%         2d4       16%         1
 Summon Small Mammal      Summ           0%         N/A       16%         1
 Passwall                 Tmut/Erth      0%         N/A       24%         2
 Sublimation of Blood     Necr           0%         N/A       24%         2
 Gell's Gravitas          Tloc           0%         N/A       43%         3
 Stone Arrow              Conj/Erth      0%         3d7       43%         3
 Teleport Other           Tloc           0%         N/A       43%         3
 Petrify                  Tmut/Erth      0%         N/A       85%         4
 Irradiate                Conj/Tmut      0%         3d11      99%         5
 Dispersal                Tloc           0%         N/A       100%        6


Dungeon Overview and Level Annotations

Branches:
Dungeon (9/15)             Temple (1/1) D:7            Lair (0/5) D:9
    Orc (1/2) D:9           Sewer (visited)

Altars:
Cheibriados
Fedhas
Gozag
Kikubaaqudgha
Nemelex Xobeh
Qazlal
Ru
Sif Muna
Uskayaw
Yredelemnul

Shops:
D:4 [   D:5 *   D:7 *   D:9 !

Annotations:
Orc:1 Nergalle


Innate Abilities, Weirdness & Mutations

You have a pair of small horns on your head.
You are partially covered in large bone plates. (SH +4)
A demonic guardian rushes to your aid.
A meltable icy envelope protects you from harm. (AC +4)
A meltable shield of frost defends you. (SH +4)


Message History

The orc warrior hits you with a +0 trident.
You have reached level 11!
You hit the orc warrior. You burn the orc warrior.
The orc warrior is severely wounded.
You block the orc warrior's attack.
A troll comes into view.
Your rust devil closely misses the orc warrior.
Unknown command.
You hit the orc warrior. You burn the orc warrior.
The orc warrior is almost dead.
The orc warrior misses you.
An orc comes into view. It is wielding a +0 club.
Your rust devil hits the orc warrior.
Your rust devil corrodes the orc warrior!
An orc comes into view. It is wielding a +0 mace.
The orc warrior barely misses you.
You slash the orc warrior! You burn the orc warrior.
You kill the orc warrior!
Cheibriados thoroughly appreciates the change of pace.
You hit the orc knight but do no damage.
You block the orc knight's attack.
The orc knight hits your rust devil but does no damage.
The warg bites your rust devil.
Nergalle the Soulbinder comes into view.
She is wielding a +0 dagger.
Your rust devil hits the orc knight.
Your rust devil corrodes the orc knight!
You slice the orc knight!! You burn the orc knight!
You headbutt the orc knight.
The orc knight is heavily wounded.
The warg bites your rust devil but does no damage.
The orc knight roars a battlecry!
The orcs go into a battle-frenzy!
Your rust devil hits the orc knight.
The orc knight seems to be corroded for longer.
The warg bites your rust devil.
You slash the orc knight! You burn the orc knight.
The orc knight is severely wounded.
Nergalle points at you and mumbles some strange words.
The bolt of negative energy hits you!!
You feel drained.
You die...

##.......#.#...##.
#.........#....#....
##..#......#....#...
#####.....#........
###))).)...#.....
#.....))..#......
#....)...)........
#....(...))).......
#.........))@4h.....
##..........o.......
.............##....
.#........T.o# ...
.......##o.... ..
#...... ##.o...
.#.#.. ...##. .###.
..##


You could see an orc knight (corroded), Nergalle (strong), a troll, a warg (ally
target), 2 orcs and a friendly rust devil (summoned).

Vanquished Creatures
  Harold (Orc:1)
  Pikel (D:7)
  Maggie (D:7)
  3 trolls
  A hornet (D:9)
  8 yaks
  A wyvern (D:8)
  2 steam dragons
  2 water moccasins
  Duvessa (D:7)
  Pargi (Sewer)
  2 ice beasts
  2 sky beasts
  3 black bears
  3 ogres (Orc:1)
  8 orc warriors
  A kobold brigand (D:8)
  A phantom (D:5)
  A bullfrog (D:9)
  3 scorpions
  A gnoll sergeant (D:9)
  8 wights (D:7)
  Dowan (D:7)
  3 killer bees (D:9)
  A howler monkey (D:9)
  5 hounds
  10 orc priests
  3 iguanas
  Terence (D:3)
  11 orc wizards
  8 gnolls
  3 adders
  2 white imps
  A worm (D:2)
  2 dart slugs
  31 orcs
  9 ball pythons
  10 endoplasms
  8 giant cockroaches
  9 goblins
  6 hobgoblins
  5 jackals (D:1)
  12 kobolds
  10 quokkas
  5 bats
  6 frilled lizards
  4 rats
221 creatures vanquished.

Vanquished Creatures (collateral kills)
  An orc warrior (Orc:1)
  A centaur (D:8)
  Ijyb (D:4)
  An orc wizard (Orc:1)
  An adder (D:4)
  A worm (D:3)
  4 orcs
  A jackal (D:1)
  2 kobolds (D:4)
  A ball python (D:4)
14 creatures vanquished.

Grand Total: 235 creatures vanquished

Notes
Turn   | Place    | Note
-------+----------+-------------------------------------------
     0 | D:1      | innerfire43 the Demonspawn Monk began the quest for the
                  | Orb.
     0 | D:1      | Reached XP level 1. HP: 18/18 MP: 1/1
    49 | D:1      | Gained mutation: A weak demonic guardian rushes to your
                  | aid. [demonic ancestry]
    49 | D:1      | Reached XP level 2. HP: 18/24 MP: 2/2
   488 | D:1      | Reached XP level 3. HP: 27/29 MP: 3/3
  1437 | D:2      | Gained mutation: A demonic guardian rushes to your aid.
                  | [demonic ancestry]
  1437 | D:2      | Reached XP level 4. HP: 26/35 MP: 4/4
  1715 | D:3      | Reached XP level 5. HP: 28/42 MP: 5/5
  2136 | D:3      | Noticed Terence
  2146 | D:3      | Killed Terence
  2536 | D:4      | Found Junwutirr's Armour Shoppe.
  2607 | D:4      | Noticed Ijyb
  2626 | D:4      | Killed Ijyb
  2843 | D:4      | Noticed a black bear
  2848 | D:4      | Killed a black bear
  2849 | D:4      | Reached XP level 6. HP: 41/49 MP: 6/6
  2959 | D:4      | Identified a scroll of acquirement
  2960 | D:4      | Acquired a +2 pair of gloves of strength
  3043 | D:4      | Found a glowing drain.
  3061 | Sewer    | Entered a sewer
  3072 | Sewer    | Reached skill level 5 in Axes
  3099 | Sewer    | Noticed Pargi
  3119 | Sewer    | Killed Pargi
  3408 | D:4      | Gained mutation: A meltable shield of frost defends you.
                  | (SH +4) [demonic ancestry]
  3408 | D:4      | Reached XP level 7. HP: 54/55 MP: 7/7
  3649 | D:5      | Entered Level 5 of the Dungeon
  3716 | D:5      | Reached skill level 5 in Fighting
  4299 | D:5      | Reached skill level 5 in Dodging
  4299 | D:5      | Gained mutation: You are partially covered in large bone
                  | plates. (SH +4) [demonic ancestry]
  4299 | D:5      | Reached XP level 8. HP: 63/63 MP: 8/8
  4351 | D:5      | Found Ucuimn's Serpentskin Sales.
  4361 | D:5      | Reached skill level 1 in Armour
  4556 | D:6      | Identified the +1 long sword "Demon's Foe" {pain, *Slow
                  | rPois Str-4 Int+5}
  4810 | D:7      | Found Jeemya's Assorted Antiques.
  4819 | D:7      | Bought a glowing broad axe for 217 gold pieces
  4832 | D:7      | Reached skill level 1 in Shapeshifting
  4864 | D:7      | Noticed Maggie
  4870 | D:7      | Killed Maggie
  4871 | D:7      | Reached skill level 2 in Shapeshifting
  4943 | D:7      | Gained mutation: You have a pair of small horns on your
                  | head. [demonic ancestry]
  4943 | D:7      | Reached XP level 9. HP: 70/70 MP: 9/9
  4955 | D:7      | Noticed Dowan
  4956 | D:7      | Noticed Duvessa
  4962 | D:7      | Killed Dowan
  4968 | D:7      | Killed Duvessa
  5003 | D:7      | Found a staircase to the Ecumenical Temple.
  5015 | D:7      | Reached skill level 3 in Shapeshifting
  5040 | D:7      | Reached skill level 5 in Armour
  5048 | D:7      | Reached skill level 4 in Shapeshifting
  5064 | Temple   | Entered the Ecumenical Temple
  5091 | Temple   | Became a worshipper of Cheibriados the Contemplative
  5091 | Temple   | Reached * piety under Cheibriados
  5091 | Temple   | Reached ** piety under Cheibriados
  5289 | D:7      | Noticed Pikel
  5296 | D:7      | Killed Pikel
  5450 | D:8      | Gained mutation: A meltable icy envelope protects you from
                  | harm. (AC +4) [demonic ancestry]
  5450 | D:8      | Reached XP level 10. HP: 79/79 MP: 10/10
  5506 | D:8      | Reached skill level 5 in Shapeshifting
  5582 | D:8      | Reached *** piety under Cheibriados
  6006 | D:9      | Found a sacrificial altar of Ru.
  6008 | D:9      | Found an ancient bone altar of Kikubaaqudgha.
  6008 | D:9      | Found a hide-covered altar of Uskayaw.
  6013 | D:9      | Reached skill level 6 in Shapeshifting
  6013 | D:9      | Found a sparkling altar of Nemelex Xobeh.
  6013 | D:9      | Found a basalt altar of Yredelemnul.
  6066 | D:9      | Found a staircase to the Lair.
  6097 | D:9      | Found Luocluk's Distillery.
  6259 | D:9      | Reached skill level 7 in Shapeshifting
  6302 | D:9      | Found a staircase to the Orcish Mines.
  6487 | Orc:1    | Entered Level 1 of the Orcish Mines
  6514 | Orc:1    | Reached **** piety under Cheibriados
  6585 | Orc:1    | Reached skill level 8 in Shapeshifting
  6605 | Orc:1    | Noticed Harold
  6619 | Orc:1    | Noticed an orc knight
  6620 | Orc:1    | Killed Harold
  6620 | Orc:1    | Reached ***** piety under Cheibriados
  6621 | Orc:1    | Reached XP level 11. HP: 25/84 MP: 11/11
  6623 | Orc:1    | Noticed Nergalle
  6625 | Orc:1    | Killed from afar by Nergalle

Illustrated notes

Levels and vault maps discovered:
D:1:      dpeg_arrival_castle, layout_basic, serial_forest,
          infiniplex_forest_straight_2, infiniplex_forest_straight_3,
          infiniplex_forest_clump_double, infiniplex_forest_lined_1,
          infiniplex_forest_clump_small, infiniplex_forest_straight_2,
          infiniplex_forest_lined_3_way
D:2:      layout_rooms
D:3:      layout_basic, general_overflow_altar, uniq_terence
D:4:      minmay_chambers_of_fours, layout_loops_ring, gup_sewer_entry_pipe,
          serial_shops, shop, uniq_ijyb
D:5:      layout_basic, guppyfry_shop_venom
D:6:      layout_rooms
D:7:      layout_rooms, minmay_temple_entry_hall, serial_shops,
          nicolae_shop_overgrown_old_shop, uniq_pikel, uniq_maggie, uniq_duvessa
D:8:      layout_cave_pools
D:9:      layout_basic, grunt_temple_overflow_open, lair_entry_dummy,
          serial_shops, shop
Temple:   nicolae_temple_elliptical
Orc:1:    layout_caves, uniq_nergalle, uniq_harold

Skill      XL: |  1  2  3  4  5  6  7  8  9 10 |
---------------+-------------------------------+-----
Axes           | 3 4 5 6 7 |  7.0
Dodging        | 3 4 5 |  5.0
Fighting       | 4 5 6 7 |  7.4
Armour         | 3 6 |  6.3
Shapeshifting  | 2 4 8 |  8.8

Action                     |  1- 3 |  4- 6 |  7- 9 | 10-12 || total
---------------------------+-------+-------+-------+-------++-------
  Melee: Hand axe          |   114 |    36 |       |       ||   150
         War axe           |       |   123 |   102 |       ||   225
         Broad axe         |       |       |    71 |   134 ||   205
         Headbutt          |       |       |    11 |    32 ||    43
  Throw: Javelin           |     2 |     3 |       |       ||     5
  Evoke: Wand              |       |       |     2 |       ||     2
    Use: Scroll            |       |     8 |     2 |       ||    10
         Potion            |       |       |       |     1 ||     1
   Stab: Sleeping          |     1 |       |       |       ||     1
         Distracted        |       |       |     1 |     2 ||     3
 Armour: Robe              |    27 |    55 |       |       ||    82
         Troll leather arm |       |    17 |    66 |    43 ||   126
         Skin              |       |       |    16 |       ||    16
  Dodge: Dodged            |    93 |   128 |   102 |   102 ||   425
  Block: Orb               |       |       |    46 |    59 ||   105

Table legend: (Time is in decaauts)
 A = Elapsed time spent in this place.
 B = Non-inter-level travel time spent in this place.
 C = Inter-level travel time spent in this place.
 D = Time resting spent in this place.
 E = Time spent auto-exploring this place.
 F = Levels seen in this place.
 G = Mean time per level.
                   A        B        C        D        E       F      G
               +--------+--------+--------+--------+--------+-----+--------+
         Total |   7519 |   7265 |    254 |      0 |   5719 |  12 |  626.6 |
       Dungeon |   7049 |   6832 |    217 |      0 |   5511 |   9 |  783.2 |
        Temple |     59 |     23 |     36 |      0 |     15 |   1 |   59.0 |
  Orcish Mines |    195 |    195 |      0 |      0 |     52 |   1 |  195.0 |
         Sewer |    215 |    215 |      0 |      0 |    141 |   1 |  215.0 |
               +--------+--------+--------+--------+--------+-----+--------+

Top non-repeatable levels by time:
     D:9: 1019 daAuts
     D:1: 983 daAuts
     D:4: 970 daAuts
     D:3: 919 daAuts
     D:5: 771 daAuts
     D:7: 738 daAuts
     D:2: 626 daAuts
     D:8: 613 daAuts
     D:6: 406 daAuts
   Sewer: 215 daAuts
   Orc:1: 195 daAuts
  Temple: 59 daAuts
